 Dungeon Crawl Stone Soup version 0.29.1 (webtiles) character file.

Game seed: 17056612642302300991

65306 qw the Severer (level 14, -10/148 HPs)
             Began as a Minotaur Berserker on Sept 13, 2022.
             Was an Elder of Trog.
             Mangled by a death knight
             ... wielding a +1 glaive of pain
              (12 damage)
             ... on level 14 of the Dungeon.
             The game lasted 00:07:40 (23816 turns).

qw the Severer (Minotaur Berserker)                Turns: 23816, Time: 00:07:41

Health: -10/148    AC: 28    Str: 33    XL:     14   Next: 75%
Magic:  14/14      EV: 11    Int:  4    God:    Trog [****..]
Gold:   439        SH: 12    Dex: 10    Spells: 13/13 levels left

rFire   + . .      SeeInvis .   n - +6 war axe (chaos)
rCold   . . .      Faith    .   t - +0 kite shield
rNeg    . . .      Spirit   .   k - +2 chain mail {rF+}
rPois   .          Reflect  .   l - +2 hat
rElec   .          Harm     .   h - +0 cloak
rCorr   .          Rampage  .   b - +2 pair of gloves {hurl}
Will    +....      Clarity  +   m - +1 pair of boots
Stlth   ..........              i - amulet of the acrobat
HPRegen 0.34/turn               c - +6 ring of strength
MPRegen 0.14/turn               f - +4 ring of protection

@: on berserk cooldown, slowed, very slow
A: horns 2, retaliatory headbutt, clarity, high MP 1, robust 1, MP-powered wands
a: Renounce Religion, Berserk, Trog's Hand, Brothers in Arms


You were on level 14 of the Dungeon.
You worshipped Trog.
Trog was greatly pleased with you.
You visited 2 branches of the dungeon, and saw 19 of its levels.

You collected 1154 gold pieces.
You spent 715 gold pieces at shops.


Innate Abilities, Weirdness & Mutations

You have a pair of horns on your head.
You reflexively headbutt those who attack you in melee.
You possess an exceptional clarity of mind.
You have an increased reservoir of magic. (+10% MP)
You are robust. (+10% HP)
You expend magic power (3 MP) to strengthen your wands.


   Skills:
 + Level 15.4 Fighting
 - Level 16.1 Axes
 - Level 6.0 Throwing
 - Level 14.0 Armour
 - Level 7.4 Dodging
 - Level 15.1 Shields


You had 13 spell levels left.
You didn't know any spells.
Your spell library was empty.

Inventory:

Hand Weapons
 n - a +6 war axe of chaos (weapon)
 s - a +0 morningstar
Missiles
 p - 5 boomerangs (quivered)
Armour
 b - a +2 pair of gloves of hurling (worn)
 e - a +0 plate armour
 h - a +0 cloak (worn)
 k - a +2 chain mail of fire resistance (worn)
 l - a +2 hat (worn)
 m - a +1 pair of boots (worn)
 t - a +0 kite shield (worn)
Jewellery
 c - a +6 ring of strength (left hand)
 d - a ring of fire
 f - a +4 ring of protection (right hand)
 i - an amulet of the acrobat (around neck)
 u - a ring of protection from fire
Scrolls
 g - 12 scrolls of identify
Potions
 j - 10 potions of curing
 q - 6 potions of haste
 r - 4 potions of mutation
 v - a potion of might

Dungeon Overview and Level Annotations

Branches:
Dungeon (14/15)            Temple (0/1) D:6            Lair (5/5) D:9
 Shoals (0/4) Lair:2       Spider (0/4) Lair:2        Slime (0/5) Lair:4
    Orc (0/2) D:12
 Vaults: D:13-14

Altars:
Gozag
Ru
Trog
Jiyva

Shops:
D:1 (=[:   D:9 *   D:12 ::**:

Annotations:
D:6 2 transporters, qw's ghost, novice MiBe
D:7 1 runed translucent door, Crazy Yiuf
D:10 3 runed translucent doors, Plog's ghost, journeyman KoBr
Lair:5 2 runed translucent doors


Message History

You slash the freezing wraith!
The freezing wraith seems to speed up.
You block the freezing wraith's attack. x2
The skeletal warrior hits you with a +0 trident!
The death knight barely misses you.
You hit the skeletal warrior but do no damage.
Your headbutt misses the skeletal warrior.
The skeletal warrior is heavily damaged.
You barely miss the freezing wraith. The freezing wraith hits you!
The freezing wraith freezes you!
The freezing wraith hits you but does no damage. x3
The skeletal warrior hits you but does no damage.
The death knight barely misses you.
23814 ||| DRINKING potion of heal wounds.
You feel much better.
You block the freezing wraith's attack. x2
The skeletal warrior hits you but does no damage.
The death knight hits you from afar with a +1 glaive of pain.
You writhe in agony!
The freezing wraith hits you but does no damage. x2
You closely miss the skeletal warrior.
Your headbutt misses the skeletal warrior.
The skeletal warrior is heavily damaged.
You hit the freezing wraith.
The freezing wraith flickers and vanishes!
Something hits you but does no damage. x2
You block the skeletal warrior's attack.
The death knight hits you from afar with a +1 glaive of pain!
Something hits you but does no damage. x2; The cyclops throws a large rock.
The death knight hits you from afar with a +1 glaive of pain!
You writhe in agony!
The skeletal warrior completely misses you.
You slash the skeletal warrior!
Your headbutt misses the skeletal warrior.
The skeletal warrior is severely damaged.
You slice something!! Something hits you but does no damage.
You block something's attack. x2
Something hits you but does no damage.
The skeletal warrior hits you but does no damage.
The death knight hits you from afar with a +1 glaive of pain!
You die...

##.#........#
##...........##
#.......<.....#.
#.$..)z).......
##....W)%.##...##
###...##p).{.##....
#..p#.##....W......
##..#zC##.)Wp.....?
#...@{W#....C.z....
#....##.###.........
#...... # ..........
#....... ...........
#..#.................
####.................
#####.............
....


You could see a death knight, a skeletal warrior, a cyclops and a wraith.

Vanquished Creatures
  Jorgrun (D:13)
  Josephine (D:13)
  Erolcha (D:13)
  Fannar (D:10)
  6 hydras
  A catoblepas (Lair:5)
  4 two-headed ogres
  2 tengu warriors
  4 centaur warriors
  13 death yaks
  4 skeletal warriors (D:13)
  A lindwurm (Lair:5)
  A wolf spider (shapeshifter) (D:14)
  2 cyclopes (D:12)
  3 ugly things
  5 oklob plants (Lair:4)
  A manticore (D:14)
  3 slime creatures (D:12)
  9 black mambas
  2 molten gargoyles (Lair:5)
  A black mamba (shapeshifter) (D:13)
  4 gargoyles
  8 cane toads
  Psyche (D:12)
  An unseen horror (D:11)
  2 kobold demonologists (D:14)
  14 komodo dragons
  2 tengu conjurers (D:14)
  A troll (D:11)
  4 polar bears
  A meliai (Lair:2)
  5 blink frogs (Lair:1)
  4 centaur simulacra (D:11)
  7 wyverns
  46 yaks
  A fire elemental (D:12)
  7 wraiths
  5 basilisks
  Grum (D:8)
  4 steam dragons
  3 vampire mosquitoes (D:11)
  Edmund (D:6)
  4 hell hounds (Lair:5)
  3 acid dragons
  4 orc warriors
  17 water moccasins
  A sky beast (D:6)
  7 ice beasts
  6 black bears
  9 wolves
  6 ogres
  10 centaurs
  A phantom (D:6)
  5 kobold brigands
  8 bullfrogs
  A necrophage (D:5)
  A gnoll sergeant (D:9)
  7 scorpions
  9 wights
  13 killer bees
  5 howler monkeys
  An electric eel (Lair:1)
  5 lava snakes (Lair:5)
  3 hounds
  2 jellies (D:6)
  7 orc priests
  3 gnoll boudas
  16 orc wizards
  7 iguanas
  13 gnolls
  6 adders
  A shadow imp (D:7)
  6 white imps
  An ufetubus (D:11)
  4 worms
  3 dart slugs
  36 orcs
  6 ball pythons
  5 endoplasms
  A giant cockroach (D:3)
  12 goblins
  10 hobgoblins
  6 jackals
  4 quokkas (D:4)
  4 bats
  A frilled lizard (D:1)
  22 kobolds
  5 rats
495 creatures vanquished.

Vanquished Creatures (collateral kills)
  A hydra (D:11)
  A wraith (D:13)
  A centaur (D:13)
3 creatures vanquished.

Vanquished Creatures (others)
  A wizard (D:3)
  An orc (D:9)
  39 fungi
  59 plants
100 creatures vanquished.

Grand Total: 598 creatures vanquished

Notes
Turn   | Place    | Note
-------+----------+-------------------------------------------
     0 | D:1      | qw the Minotaur Berserker began the quest for the Orb.
     0 | D:1      | Reached XP level 1. HP: 19/19 MP: 0/0
     0 | D:1      | 0 ||| qw: Version: 0.1-a-119-g272c26d
     0 | D:1      | 0 ||| qw: Game counter: 11107
     0 | D:1      | 0 ||| qw: Always use a shield: true
     0 | D:1      | 0 ||| qw: Do Orc after D:15 true
     0 | D:1      | 0 ||| qw: Do second Lair branch before Depths: true
     0 | D:1      | 0 ||| qw: Lair rune preference: random
     0 | D:1      | 0 ||| qw: Plans: Normal
     0 | D:1      | 0 ||| PLANNING D:1-11
    24 | D:1      | 24 ||| Stepping ~*~*~tactically~*~*~ (stealth).
    41 | D:1      | 41 ||| Stepping ~*~*~tactically~*~*~ (stealth).
    72 | D:1      | 72 ||| Stepping ~*~*~tactically~*~*~ (stealth).
   115 | D:1      | Reached skill level 4 in Axes
   126 | D:1      | 126 ||| Stepping ~*~*~tactically~*~*~ (stealth).
   426 | D:1      | Reached XP level 2. HP: 26/26 MP: 1/1
   491 | D:1      | Found Wyumefac's Antique Armour Emporium.
   502 | D:1      | 502 ||| SHOPLISTING +3 warlock's mirror {reflect} (1000
                  | gold, have 25).
   502 | D:1      | 502 ||| SHOPLISTING chain mail (112 gold, have 25).
   502 | D:1      | 502 ||| SHOPLISTING runed chain mail (187 gold, have 25).
   502 | D:1      | 502 ||| SHOPLISTING scale mail (100 gold, have 25).
   758 | D:1      | Found Zufacism's Weapon Shoppe.
   784 | D:1      | 784 ||| Stepping ~*~*~tactically~*~*~ (stealth).
   915 | D:1      | 915 ||| Stepping ~*~*~tactically~*~*~ (stealth).
   947 | D:1      | Found Ytaulufe's Jewellery Shoppe.
   956 | D:1      | 956 ||| SHOPLISTING +4 ring of protection (504 gold, have
                  | 37).
   956 | D:1      | 956 ||| SHOPLISTING amulet of reflection (420 gold, have
                  | 37).
   956 | D:1      | 956 ||| SHOPLISTING amulet of the acrobat (420 gold, have
                  | 37).
   956 | D:1      | 956 ||| SHOPLISTING ring of poison resistance (280 gold,
                  | have 37).
   956 | D:1      | 956 ||| SHOPLISTING ring of positive energy (280 gold, have
                  | 37).
   956 | D:1      | 956 ||| SHOPLISTING ring of willpower (350 gold, have 37).
  1009 | D:1      | 1009 ||| Stepping ~*~*~tactically~*~*~ (hiding).
  1111 | D:1      | 1111 ||| Stepping ~*~*~tactically~*~*~ (hiding).
  1213 | D:1      | 1213 ||| Stepping ~*~*~tactically~*~*~ (hiding).
  1315 | D:1      | 1315 ||| Stepping ~*~*~tactically~*~*~ (hiding).
  1321 | D:1      | Reached skill level 5 in Axes
  1521 | D:1      | Found Tiqit's Book Shop.
  1657 | D:1      | Reached XP level 3. HP: 31/31 MP: 2/2
  1680 | D:1      | 1680 ||| UPGRADING to +0 cloak.
  1685 | D:1      | 1685 ||| DROPPING ring of flight.
  1686 | D:1      | 1686 ||| UPGRADING to +6 ring of intelligence.
  1687 | D:1      | 1687 ||| READING scroll labelled QURPHO HUADD.
  1688 | D:1      | 1688 ||| READING scroll labelled JYEKHO JAUREUTAEB.
  1789 | D:1      | 1789 ||| READING scroll labelled ODAPIUQEIPE.
  1790 | D:1      | 1790 ||| READING scroll labelled FAGYFF QELA.
  1791 | D:1      | 1791 ||| READING scroll labelled TOTATW YMNIKU.
  1792 | D:1      | 1792 ||| DRINKING 2 smoky yellow potions.
  1793 | D:1      | 1793 ||| DROPPING potion of brilliance.
  1881 | D:2      | 1881 ||| Stepping ~*~*~tactically~*~*~ (stealth).
  1899 | D:2      | 1899 ||| Stepping ~*~*~tactically~*~*~ (hiding).
  1959 | D:2      | 1959 ||| Stepping ~*~*~tactically~*~*~ (stealth).
  1960 | D:2      | 1960 ||| Stepping ~*~*~tactically~*~*~ (hiding).
  2066 | D:2      | 2066 ||| Stepping ~*~*~tactically~*~*~ (hiding).
  2376 | D:2      | 2376 ||| UPGRADING to +0 leather armour.
  2386 | D:2      | 2386 ||| DROPPING +0 animal skin.
  2387 | D:2      | 2387 ||| UPGRADING to +0 plate armour.
  2397 | D:2      | 2397 ||| DROPPING +0 leather armour.
  2398 | D:2      | 2398 ||| READING scroll labelled NUTOBUCKIE.
  2403 | D:2      | 2403 ||| READING scroll labelled QUOBBI OLISK.
  2404 | D:2      | 2404 ||| READING scroll labelled CIUKUP IFEGIPI.
  2405 | D:2      | 2405 ||| READING scroll labelled VEIFOU TYCWEOB.
  2406 | D:2      | 2406 ||| Stepping randomly (stuck).
  2407 | D:2      | 2407 ||| Stepping ~*~*~tactically~*~*~ (cloud).
  2712 | D:3      | 2712 ||| DROPPING +0 whip.
  2728 | D:3      | Reached ** piety under Trog
  2735 | D:3      | 2735 ||| FLEEEEING.
  2832 | D:3      | Reached XP level 4. HP: 39/39 MP: 3/3
  2833 | D:3      | Reached skill level 6 in Axes
  3133 | D:3      | 3133 ||| SWAPPING to +0 war axe.
  3140 | D:3      | 3140 ||| DROPPING +0 hand axe.
  3176 | D:3      | Found a bloodstained altar of Trog.
  3177 | D:3      | Noticed a wizard
  3182 | D:3      | Killed a wizard
  3336 | D:3      | 3336 ||| UPGRADING to amulet of the acrobat.
  3341 | D:3      | 3341 ||| READING scroll labelled UVADOA AQOIKO.
  3342 | D:3      | 3342 ||| READING 3 scrolls of identify.
  3342 | D:3      | 3342 ||| IDENTIFYING purple potion
  3343 | D:3      | 3343 ||| READING 2 scrolls of identify.
  3343 | D:3      | 3343 ||| IDENTIFYING glowing clear potion
  3344 | D:3      | 3344 ||| DROPPING potion of attraction.
  3345 | D:3      | 3345 ||| DROPPING potion of degeneration.
  3466 | D:4      | Noticed an ogre
  3467 | D:4      | 3467 ||| INVOKING Berserk.
  3468 | D:4      | Killed an ogre
  3469 | D:4      | Reached skill level 7 in Axes
  3469 | D:4      | Reached XP level 5. HP: 45/45 MP: 4/4
  3701 | D:4      | Noticed an ogre
  3704 | D:4      | 3704 ||| INVOKING Berserk.
  3705 | D:4      | Killed an ogre
  3706 | D:4      | Reached XP level 6. HP: 51/51 MP: 5/5
  4155 | D:4      | 4155 ||| Stepping ~*~*~tactically~*~*~ (stealth).
  4181 | D:4      | 4181 ||| INVOKING Berserk.
  4279 | D:4      | 4279 ||| DROPPING +0 flail.
  4372 | D:4      | 4372 ||| Stepping ~*~*~tactically~*~*~ (stealth).
  4373 | D:4      | 4373 ||| INVOKING Berserk.
  4378 | D:4      | Reached skill level 8 in Axes
  4503 | D:4      | 4503 ||| Stepping ~*~*~tactically~*~*~ (stealth).
  4533 | D:4      | 4533 ||| Stepping ~*~*~tactically~*~*~ (hiding).
  4539 | D:4      | Reached skill level 9 in Axes
  4539 | D:4      | Reached XP level 7. HP: 49/59 MP: 6/6
  4739 | D:4      | 4739 ||| UPGRADING to +4 ring of protection.
  4740 | D:4      | 4740 ||| READING scroll labelled SAAD SEUQAONAN.
  4741 | D:4      | 4741 ||| DRINKING 3 glowing green potions.
  4742 | D:4      | 4742 ||| DRINKING 2 lumpy amethyst potions.
  4843 | D:4      | 4843 ||| DROPPING potion of ambrosia.
  4938 | D:5      | Entered Level 5 of the Dungeon
  5075 | D:5      | 5075 ||| INVOKING Berserk.
  5278 | D:5      | 5278 ||| Stepping ~*~*~tactically~*~*~ (stealth).
  5341 | D:5      | Reached skill level 10 in Axes
  5364 | D:5      | 5364 ||| FLEEEEING.
  5365 | D:5      | 5365 ||| FLEEEEING.
  5366 | D:5      | 5366 ||| FLEEEEING.
  5367 | D:5      | 5367 ||| FLEEEEING.
  5368 | D:5      | 5368 ||| FLEEEEING.
  5370 | D:5      | 5370 ||| FLEEEEING.
  5371 | D:5      | 5371 ||| FLEEEEING.
  5372 | D:5      | 5372 ||| FLEEEEING.
  5373 | D:5      | 5373 ||| FLEEEEING.
  5374 | D:5      | 5374 ||| FLEEEEING.
  5375 | D:5      | 5375 ||| FLEEEEING.
  5376 | D:5      | 5376 ||| FLEEEEING.
  5377 | D:5      | 5377 ||| FLEEEEING.
  5381 | D:5      | 5381 ||| FLEEEEING.
  5382 | D:5      | 5382 ||| FLEEEEING.
  5383 | D:5      | 5383 ||| FLEEEEING.
  5384 | D:5      | 5384 ||| FLEEEEING.
  5385 | D:5      | 5385 ||| FLEEEEING.
  5393 | D:5      | 5393 ||| FLEEEEING.
  5395 | D:5      | 5395 ||| FLEEEEING.
  5396 | D:5      | 5396 ||| FLEEEEING.
  5397 | D:5      | 5397 ||| FLEEEEING.
  5399 | D:5      | 5399 ||| FLEEEEING.
  5400 | D:5      | 5400 ||| FLEEEEING.
  5401 | D:5      | 5401 ||| FLEEEEING.
  5402 | D:5      | 5402 ||| FLEEEEING.
  5403 | D:5      | 5403 ||| STAIRDANCE
  5490 | D:5      | 5490 ||| INVOKING Berserk.
  5493 | D:5      | Reached skill level 6 in Fighting
  5493 | D:5      | Reached XP level 8. HP: 70/70 MP: 7/7
  5497 | D:5      | 5497 ||| STAIRDANCE
  6013 | D:5      | 6013 ||| UPGRADING to +0 pair of boots.
  6031 | D:6      | Found a staircase to the Ecumenical Temple.
  6078 | D:6      | Noticed Edmund
  6082 | D:6      | 6082 ||| INVOKING Berserk.
  6087 | D:6      | Killed Edmund
  6088 | D:6      | Reached skill level 11 in Axes
  6089 | D:6      | Noticed a komodo dragon
  6100 | D:6      | Killed a komodo dragon
  6105 | D:6      | HP: 17/70 [something (2)]
  6115 | D:6      | 6115 ||| Stepping ~*~*~tactically~*~*~ (stealth).
  6118 | D:6      | 6118 ||| READING scroll of teleportation.
  6123 | D:6      | HP: 13/70 [white imp/puff of frost (3)]
  6125 | D:6      | 6125 ||| INVOKING Berserk.
  6130 | D:6      | Reached skill level 12 in Axes
  6169 | D:6      | 6169 ||| FLEEEEING.
  6170 | D:6      | 6170 ||| FLEEEEING.
  6171 | D:6      | 6171 ||| FLEEEEING.
  6172 | D:6      | 6172 ||| FLEEEEING.
  6173 | D:6      | 6173 ||| FLEEEEING.
  6174 | D:6      | 6174 ||| FLEEEEING.
  6175 | D:6      | 6175 ||| INVOKING Berserk.
  6176 | D:6      | HP: 26/105 [acid (4)]
  6442 | D:6      | 6442 ||| Stepping ~*~*~tactically~*~*~ (stealth).
  6443 | D:6      | Found a transporter.
  6451 | D:6      | Reached skill level 6 in Armour
  6451 | D:6      | Reached XP level 9. HP: 75/75 MP: 8/8
  6476 | D:6      | 6476 ||| INVOKING Berserk.
  6584 | D:6      | Identified the ring "Lozua" {rCorr EV+4}
  6707 | D:6      | 6707 ||| Stepping ~*~*~tactically~*~*~ (hiding).
  6708 | D:6      | 6708 ||| INVOKING Berserk.
  6768 | D:6      | 6768 ||| Stepping ~*~*~tactically~*~*~ (hiding).
  6841 | D:6      | Noticed qw's ghost (novice MiBe)
  6848 | D:6      | 6848 ||| READING scroll of enchant armour.
  6848 | D:6      | 6848 ||| ENCHANTING +0 pair of boots.
  6877 | D:6      | Found a transporter.
  6897 | D:6      | 6897 ||| INVOKING Berserk.
  7138 | D:6      | 7138 ||| DROPPING amulet of faith.
  7139 | D:6      | 7139 ||| UPGRADING to +6 ring of dexterity.
  7141 | D:6      | 7141 ||| DROPPING +6 ring of intelligence.
  7142 | D:6      | 7142 ||| READING scroll labelled PAL GATEXOUZORYT.
  7143 | D:6      | 7143 ||| READING scroll labelled FEOHAGE CUYSA.
  7144 | D:6      | 7144 ||| READING 2 scrolls of identify.
  7144 | D:6      | 7144 ||| IDENTIFYING grey potion
  7145 | D:6      | 7145 ||| DROPPING potion of invisibility.
  7245 | D:7      | Found a runed translucent door.
  7246 | D:7      | Noticed Crazy Yiuf
  7313 | D:7      | 7313 ||| Stepping ~*~*~tactically~*~*~ (stealth).
  7315 | D:7      | 7315 ||| Stepping ~*~*~tactically~*~*~ (hiding).
  7322 | D:7      | 7322 ||| INVOKING Berserk.
  7330 | D:7      | Reached skill level 3 in Dodging
  7669 | D:7      | Reached skill level 1 in Throwing
  7820 | D:7      | 7820 ||| INVOKING Berserk.
  7948 | D:7      | 7948 ||| Stepping ~*~*~tactically~*~*~ (hiding).
  7974 | D:7      | 7974 ||| INVOKING Berserk.
  7977 | D:7      | Reached skill level 13 in Axes
  8106 | D:7      | Reached skill level 3 in Throwing
  8109 | D:7      | 8109 ||| INVOKING Berserk.
  8110 | D:7      | Reached *** piety under Trog
  8182 | D:7      | 8182 ||| INVOKING Berserk.
  8452 | D:7      | Found a sacrificial altar of Ru.
  8595 | D:7      | 8595 ||| Stepping ~*~*~tactically~*~*~ (hiding).
  8600 | D:7      | 8600 ||| INVOKING Berserk.
  8809 | D:7      | 8809 ||| UPGRADING to +0 buckler.
  8814 | D:7      | 8814 ||| DROPPING orb of guile.
  8815 | D:7      | 8815 ||| READING scroll labelled WADOACR BEXE.
  8816 | D:7      | 8816 ||| DROPPING +0 morningstar.
  8817 | D:7      | 8817 ||| READING scroll labelled TAUJAN DEOPT.
  8987 | D:7      | 8987 ||| DRINKING 2 clear potions.
  8988 | D:7      | 8988 ||| DRINKING 2 coppery potions.
  8989 | D:7      | 8989 ||| READING 4 scrolls of identify.
  8989 | D:7      | 8989 ||| IDENTIFYING lumpy puce potion
  8990 | D:7      | 8990 ||| READING 3 scrolls of identify.
  8990 | D:7      | 8990 ||| IDENTIFYING sedimented silvery potion
  8991 | D:7      | 8991 ||| DROPPING potion of magic.
  8992 | D:7      | 8992 ||| DROPPING potion of flight.
  9017 | D:7      | Reached skill level 1 in Shields
  9105 | D:8      | 9105 ||| STAIRDANCE
  9171 | D:8      | Noticed Grum
  9174 | D:8      | 9174 ||| INVOKING Berserk.
  9184 | D:8      | Reached XP level 10. HP: 88/88 MP: 9/9
  9185 | D:8      | Reached skill level 3 in Shields
  9188 | D:8      | Killed Grum
  9327 | D:8      | 9327 ||| Stepping ~*~*~tactically~*~*~ (stealth).
  9451 | D:8      | Reached skill level 14 in Axes
  9482 | D:8      | 9482 ||| FLEEEEING.
  9483 | D:8      | 9483 ||| Stepping ~*~*~tactically~*~*~ (hiding).
  9512 | D:8      | Reached **** piety under Trog
  9890 | D:8      | 9890 ||| Stepping ~*~*~tactically~*~*~ (hiding).
  9896 | D:8      | 9896 ||| INVOKING Berserk.
 10034 | D:8      | 10034 ||| INVOKING Berserk.
 10222 | D:8      | 10222 ||| READING scroll labelled UMUSOBBA TYCARGH.
 10222 | D:8      | Identified a scroll of acquirement
 10222 | D:8      | 10222 ||| ACQUIRING +0 pair of gloves of hurling
 10222 | D:8      | Acquired a +0 pair of gloves of hurling
 10224 | D:8      | 10224 ||| UPGRADING to +0 pair of gloves of hurling.
 10229 | D:8      | 10229 ||| READING 3 scrolls of identify.
 10229 | D:8      | 10229 ||| IDENTIFYING bubbling puce potion
 10230 | D:8      | 10230 ||| READING 2 scrolls of identify.
 10230 | D:8      | 10230 ||| IDENTIFYING yellow potion
 10231 | D:8      | 10231 ||| DROPPING potion of berserk rage.
 10232 | D:8      | 10232 ||| DROPPING potion of lignification.
 10268 | D:9      | Found Umaupt's General Store.
 10294 | D:9      | 10294 ||| SHOPLISTING +2 plate armour of poison resistance
                  | (481 gold, have 392).
 10294 | D:9      | 10294 ||| BUYING scroll of brand weapon (123 gold).
 10294 | D:9      | Bought a scroll of brand weapon for 123 gold pieces
 10294 | D:9      | 10294 ||| BUYING scroll of enchant armour (97 gold).
 10294 | D:9      | Bought a scroll of enchant armour for 97 gold pieces
 10294 | D:9      | 10294 ||| READING scroll of brand weapon.
 10294 | D:9      | 10294 ||| BRANDING +1 war axe of flaming.
 10295 | D:9      | 10295 ||| BUYING +0 flail (45 gold).
 10295 | D:9      | Bought a +0 flail for 45 gold pieces
 10295 | D:9      | 10295 ||| READING scroll of enchant armour.
 10295 | D:9      | 10295 ||| ENCHANTING +0 pair of gloves of hurling.
 10355 | D:9      | Found a staircase to the Lair.
 10362 | D:9      | 10362 ||| INVOKING Berserk.
 10368 | D:9      | Reached skill level 15 in Axes
 10376 | D:9      | Noticed a two-headed ogre
 10382 | D:9      | Killed a two-headed ogre
 10383 | D:9      | Reached skill level 9 in Fighting
 10450 | D:9      | 10450 ||| Stepping ~*~*~tactically~*~*~ (hiding).
 10459 | D:9      | 10459 ||| Stepping ~*~*~tactically~*~*~ (hiding).
 10464 | D:9      | 10464 ||| Stepping ~*~*~tactically~*~*~ (stealth).
 10551 | D:9      | 10551 ||| Stepping ~*~*~tactically~*~*~ (hiding).
 10563 | D:9      | 10563 ||| INVOKING Berserk.
 10876 | D:9      | 10876 ||| Stepping ~*~*~tactically~*~*~ (hiding).
 10878 | D:9      | 10878 ||| Stepping ~*~*~tactically~*~*~ (hiding).
 10881 | D:9      | 10881 ||| Stepping ~*~*~tactically~*~*~ (hiding).
 10885 | D:9      | Reached XP level 11. HP: 97/97 MP: 10/10
 10987 | D:9      | 10987 ||| READING scroll of enchant weapon.
 10987 | D:9      | 10987 ||| ENCHANTING +1 vorpal war axe.
 11030 | D:9      | Identified the ring of Iplef {rCorr Dex+5}
 11244 | D:9      | 11244 ||| Stepping ~*~*~tactically~*~*~ (hiding).
 11252 | D:9      | 11252 ||| Stepping ~*~*~tactically~*~*~ (hiding).
 11258 | D:9      | 11258 ||| Stepping ~*~*~tactically~*~*~ (cloud).
 11259 | D:9      | 11259 ||| Stepping ~*~*~tactically~*~*~ (cloud).
 11261 | D:9      | 11261 ||| INVOKING Berserk.
 11409 | D:9      | 11409 ||| Stepping ~*~*~tactically~*~*~ (stealth).
 11412 | D:9      | 11412 ||| INVOKING Berserk.
 11646 | D:9      | 11646 ||| PLANNING LAIR
 11646 | D:9      | 11646 ||| UPGRADING to ring of Iplef {rCorr Dex+5}.
 11669 | Lair:1   | Entered Level 1 of the Lair of Beasts
 11698 | Lair:1   | 11698 ||| INVOKING Berserk.
 11811 | Lair:1   | 11811 ||| Stepping ~*~*~tactically~*~*~ (stealth).
 11816 | Lair:1   | 11816 ||| INVOKING Berserk.
 11950 | Lair:1   | 11950 ||| READING scroll of enchant weapon.
 11950 | Lair:1   | 11950 ||| ENCHANTING +2 vorpal war axe.
 12060 | Lair:1   | 12060 ||| INVOKING Berserk.
 12065 | Lair:1   | Reached skill level 16 in Axes
 12180 | Lair:1   | 12180 ||| INVOKING Berserk.
 12264 | Lair:1   | 12264 ||| Stepping ~*~*~tactically~*~*~ (stealth).
 12265 | Lair:1   | 12265 ||| Stepping ~*~*~tactically~*~*~ (stealth).
 12266 | Lair:1   | 12266 ||| INVOKING Berserk.
 12271 | Lair:1   | Reached skill level 9 in Armour
 12277 | Lair:1   | Reached skill level 6 in Shields
 12322 | Lair:1   | 12322 ||| Stepping ~*~*~tactically~*~*~ (stealth).
 12435 | Lair:1   | 12435 ||| INVOKING Berserk.
 12598 | Lair:1   | 12598 ||| INVOKING Berserk.
 13223 | Lair:2   | 13223 ||| Stepping ~*~*~tactically~*~*~ (stealth).
 13227 | Lair:2   | 13227 ||| Stepping ~*~*~tactically~*~*~ (stealth).
 13339 | Lair:2   | 13339 ||| Stepping ~*~*~tactically~*~*~ (stealth).
 13493 | Lair:2   | Found a staircase to the Shoals.
 13605 | Lair:2   | 13605 ||| INVOKING Berserk.
 13657 | Lair:2   | 13657 ||| FLEEEEING.
 13657 | Lair:2   | Found a hole to the Spider Nest.
 13658 | Lair:2   | 13658 ||| FLEEEEING.
 13667 | Lair:2   | 13667 ||| STAIRDANCE
 13764 | Lair:1   | 13764 ||| READING 2 scrolls of identify.
 13764 | Lair:1   | 13764 ||| IDENTIFYING sapphire potion
 13777 | Lair:2   | 13777 ||| READING scroll of enchant armour.
 13777 | Lair:2   | 13777 ||| ENCHANTING +1 pair of gloves of hurling.
 13783 | Lair:2   | 13783 ||| READING 2 scrolls of enchant weapon.
 13783 | Lair:2   | 13783 ||| ENCHANTING +3 vorpal war axe.
 13784 | Lair:2   | 13784 ||| READING scroll of enchant weapon.
 13784 | Lair:2   | 13784 ||| ENCHANTING +4 vorpal war axe.
 13864 | Lair:2   | 13864 ||| INVOKING Berserk.
 14206 | Lair:2   | 14206 ||| DROPPING orb of light.
 14322 | Lair:3   | 14322 ||| INVOKING Berserk.
 14454 | Lair:3   | 14454 ||| Stepping ~*~*~tactically~*~*~ (stealth).
 14474 | Lair:3   | Reached XP level 12. HP: 108/108 MP: 11/11
 14492 | Lair:3   | Identified the +1 robe of Good Intentions {rPois Dex+4
                  | Stlth+}
 14543 | Lair:3   | 14543 ||| Stepping ~*~*~tactically~*~*~ (stealth).
 14670 | Lair:3   | 14670 ||| INVOKING Berserk.
 14754 | Lair:3   | 14754 ||| Stepping ~*~*~tactically~*~*~ (stealth).
 14755 | Lair:3   | 14755 ||| Stepping ~*~*~tactically~*~*~ (stealth).
 14756 | Lair:3   | 14756 ||| Stepping ~*~*~tactically~*~*~ (stealth).
 14757 | Lair:3   | 14757 ||| Stepping ~*~*~tactically~*~*~ (stealth).
 14758 | Lair:3   | 14758 ||| Stepping ~*~*~tactically~*~*~ (stealth).
 15156 | Lair:3   | 15156 ||| UPGRADING to +0 kite shield.
 15166 | Lair:3   | 15166 ||| DROPPING +0 buckler.
 15167 | Lair:3   | 15167 ||| DROPPING amulet of magic regeneration.
 15168 | Lair:3   | 15168 ||| READING scroll labelled SOOGUUM VEOX.
 15169 | Lair:3   | 15169 ||| DRINKING 2 puce potions.
 15169 | Lair:3   | Gained mutation: You possess an exceptional clarity of
                  | mind. [potion of mutation]
 15169 | Lair:3   | Gained mutation: You have an increased reservoir of magic.
                  | (+10% MP) [potion of mutation]
 15169 | Lair:3   | Gained mutation: You have hidden genetic potential. [potion
                  | of mutation]
 15198 | Lair:4   | 15198 ||| INVOKING Berserk.
 15211 | Lair:4   | 15211 ||| STAIRDANCE
 15344 | Lair:4   | Noticed a seven-headed hydra
 15344 | Lair:4   | Noticed a death yak
 15345 | Lair:4   | 15345 ||| Stepping ~*~*~tactically~*~*~ (stealth).
 15346 | Lair:4   | 15346 ||| INVOKING Brothers in Arms.
 15347 | Lair:4   | Noticed a death yak
 15348 | Lair:4   | 15348 ||| SWAPPING to +0 flail.
 15349 | Lair:4   | 15349 ||| INVOKING Berserk.
 15350 | Lair:4   | Noticed a death yak
 15352 | Lair:4   | Killed a seven-headed hydra
 15360 | Lair:4   | Killed a death yak
 15364 | Lair:4   | 15364 ||| SWAPPING to +5 vorpal war axe.
 15370 | Lair:4   | Killed a death yak
 15374 | Lair:4   | Killed a death yak
 15375 | Lair:4   | Reached skill level 9 in Shields
 15545 | Lair:4   | Noticed a four-headed hydra
 15546 | Lair:4   | 15546 ||| Stepping ~*~*~tactically~*~*~ (stealth).
 15548 | Lair:4   | 15548 ||| Stepping ~*~*~tactically~*~*~ (stealth).
 15549 | Lair:4   | 15549 ||| Stepping ~*~*~tactically~*~*~ (stealth).
 15551 | Lair:4   | 15551 ||| INVOKING Brothers in Arms.
 15552 | Lair:4   | 15552 ||| SWAPPING to +0 flail.
 15553 | Lair:4   | 15553 ||| INVOKING Berserk.
 15560 | Lair:4   | Killed a four-headed hydra
 15577 | Lair:4   | 15577 ||| SWAPPING to +5 vorpal war axe.
 15706 | Lair:4   | 15706 ||| FLEEEEING.
 15707 | Lair:4   | 15707 ||| FLEEEEING.
 15708 | Lair:4   | 15708 ||| FLEEEEING.
 15755 | Lair:4   | 15755 ||| FLEEEEING.
 15756 | Lair:4   | 15756 ||| FLEEEEING.
 15757 | Lair:4   | 15757 ||| FLEEEEING.
 15882 | Lair:4   | 15882 ||| INVOKING Berserk.
 16059 | Lair:4   | 16059 ||| Stepping ~*~*~tactically~*~*~ (stealth).
 16064 | Lair:4   | 16064 ||| Stepping ~*~*~tactically~*~*~ (stealth).
 16130 | Lair:4   | 16130 ||| DRINKING 2 potions of cancellation.
 16132 | Lair:4   | 16132 ||| DRINKING potion of cancellation.
 16183 | Lair:4   | 16183 ||| INVOKING Berserk.
 16188 | Lair:4   | Reached skill level 12 in Shields
 16344 | Lair:4   | Found a viscous altar of Jiyva.
 16348 | Lair:4   | Found a staircase to the Slime Pits.
 16594 | Lair:4   | 16594 ||| UPGRADING to +2 hat.
 16599 | Lair:4   | 16599 ||| UPGRADING to +6 ring of strength.
 16601 | Lair:4   | 16601 ||| DROPPING +6 ring of dexterity.
 16602 | Lair:4   | 16602 ||| DROPPING ring of Iplef {rCorr Dex+5}.
 16632 | Lair:5   | Entered Level 5 of the Lair of Beasts
 16652 | Lair:5   | Noticed a five-headed hydra
 16656 | Lair:5   | 16656 ||| SWAPPING to +0 flail.
 16658 | Lair:5   | 16658 ||| INVOKING Berserk.
 16668 | Lair:5   | Killed a five-headed hydra
 16739 | Lair:5   | 16739 ||| SWAPPING to +5 vorpal war axe.
 16741 | Lair:5   | Noticed an eight-headed hydra
 16746 | Lair:5   | 16746 ||| SWAPPING to +0 flail.
 16747 | Lair:5   | 16747 ||| INVOKING Berserk.
 16752 | Lair:5   | Killed an eight-headed hydra
 16806 | Lair:5   | 16806 ||| SWAPPING to +5 vorpal war axe.
 16844 | Lair:5   | Reached skill level 12 in Fighting
 17046 | Lair:5   | Noticed a death yak
 17049 | Lair:5   | Noticed a death yak
 17051 | Lair:5   | 17051 ||| INVOKING Berserk.
 17051 | Lair:5   | Noticed a death yak
 17051 | Lair:5   | Noticed a death yak
 17059 | Lair:5   | Killed a death yak
 17063 | Lair:5   | Killed a death yak
 17064 | Lair:5   | Reached XP level 13. HP: 118/118 MP: 13/13
 17073 | Lair:5   | Gained mutation: You are robust. (+10% HP) [hidden
                  | potential]
 17079 | Lair:5   | 17079 ||| FLEEEEING.
 17081 | Lair:5   | 17081 ||| STAIRDANCE
 17254 | Lair:5   | 17254 ||| Stepping ~*~*~tactically~*~*~ (stealth).
 17267 | Lair:5   | 17267 ||| Stepping ~*~*~tactically~*~*~ (stealth).
 17275 | Lair:5   | 17275 ||| INVOKING Berserk.
 17470 | Lair:5   | 17470 ||| Stepping ~*~*~tactically~*~*~ (stealth).
 17472 | Lair:5   | 17472 ||| INVOKING Berserk.
 17617 | Lair:5   | 17617 ||| Stepping ~*~*~tactically~*~*~ (hiding).
 17625 | Lair:5   | 17625 ||| INVOKING Berserk.
 17639 | Lair:5   | Reached skill level 12 in Armour
 17836 | Lair:5   | 17836 ||| Stepping ~*~*~tactically~*~*~ (stealth).
 17839 | Lair:5   | 17839 ||| Stepping ~*~*~tactically~*~*~ (hiding).
 17840 | Lair:5   | 17840 ||| INVOKING Berserk.
 17854 | Lair:5   | 17854 ||| Stepping ~*~*~tactically~*~*~ (stealth).
 17977 | Lair:5   | 17977 ||| FLEEEEING.
 17978 | Lair:5   | 17978 ||| FLEEEEING.
 17979 | Lair:5   | 17979 ||| FLEEEEING.
 17980 | Lair:5   | 17980 ||| FLEEEEING.
 17981 | Lair:5   | 17981 ||| FLEEEEING.
 18098 | Lair:5   | 18098 ||| Stepping ~*~*~tactically~*~*~ (stealth).
 18101 | Lair:5   | 18101 ||| Stepping ~*~*~tactically~*~*~ (stealth).
 18102 | Lair:5   | Noticed a fire dragon
 18103 | Lair:5   | 18103 ||| FLEEEEING.
 18104 | Lair:5   | 18104 ||| FLEEEEING.
 18105 | Lair:5   | 18105 ||| FLEEEEING.
 18106 | Lair:5   | 18106 ||| FLEEEEING.
 18107 | Lair:5   | 18107 ||| FLEEEEING.
 18108 | Lair:5   | 18108 ||| FLEEEEING.
 18109 | Lair:5   | 18109 ||| FLEEEEING.
 18110 | Lair:5   | 18110 ||| FLEEEEING.
 18171 | Lair:5   | 18171 ||| Stepping ~*~*~tactically~*~*~ (stealth).
 18173 | Lair:5   | 18173 ||| Stepping ~*~*~tactically~*~*~ (stealth).
 18180 | Lair:5   | 18180 ||| Stepping ~*~*~tactically~*~*~ (stealth).
 18236 | Lair:5   | Found a large runed translucent door.
 18253 | Lair:5   | 18253 ||| Stepping ~*~*~tactically~*~*~ (stealth).
 18255 | Lair:5   | 18255 ||| Stepping ~*~*~tactically~*~*~ (hiding).
 18268 | Lair:5   | Reached skill level 6 in Throwing
 18280 | Lair:5   | 18280 ||| Stepping ~*~*~tactically~*~*~ (stealth).
 18417 | Lair:5   | 18417 ||| Stepping ~*~*~tactically~*~*~ (stealth).
 18419 | Lair:5   | 18419 ||| Stepping ~*~*~tactically~*~*~ (stealth).
 18421 | Lair:5   | 18421 ||| Stepping ~*~*~tactically~*~*~ (hiding).
 18423 | Lair:5   | 18423 ||| INVOKING Berserk.
 18505 | Lair:5   | 18505 ||| FLEEEEING.
 18506 | Lair:5   | 18506 ||| FLEEEEING.
 18507 | Lair:5   | 18507 ||| FLEEEEING.
 18508 | Lair:5   | 18508 ||| FLEEEEING.
 18653 | Lair:5   | Found a large runed translucent door.
 18658 | Lair:5   | 18658 ||| INVOKING Berserk.
 18864 | Lair:5   | 18864 ||| Stepping ~*~*~tactically~*~*~ (stealth).
 18890 | Lair:5   | 18890 ||| Stepping ~*~*~tactically~*~*~ (stealth).
 19191 | Lair:5   | 19191 ||| PLANNING D:1-11
 19333 | D:10     | Entered Level 10 of the Dungeon
 19338 | D:10     | 19338 ||| STAIRDANCE
 19466 | D:10     | Noticed Fannar
 19484 | D:10     | Killed Fannar
 19643 | D:10     | 19643 ||| READING scroll of brand weapon.
 19643 | D:10     | 19643 ||| BRANDING +5 vorpal war axe.
 19651 | D:10     | Found a runed translucent gate.
 19652 | D:10     | Found a runed translucent gate.
 19653 | D:10     | Found a runed translucent gate.
 19656 | D:10     | Noticed Plog's ghost (journeyman KoBr)
 19667 | D:10     | 19667 ||| Stepping ~*~*~tactically~*~*~ (stealth).
 19729 | D:10     | 19729 ||| Stepping ~*~*~tactically~*~*~ (hiding).
 19809 | D:10     | 19809 ||| Stepping ~*~*~tactically~*~*~ (stealth).
 20235 | D:10     | 20235 ||| Stepping ~*~*~tactically~*~*~ (stealth).
 20296 | D:10     | Reached ***** piety under Trog
 20373 | D:10     | Found an opulent altar of Gozag.
 20468 | D:10     | Found a viscous altar of Jiyva.
 20669 | D:11     | 20669 ||| Stepping ~*~*~tactically~*~*~ (stealth).
 20670 | D:11     | 20670 ||| Stepping ~*~*~tactically~*~*~ (stealth).
 20671 | D:11     | 20671 ||| INVOKING Berserk.
 20774 | D:11     | 20774 ||| Stepping ~*~*~tactically~*~*~ (stealth).
 20780 | D:11     | 20780 ||| Stepping ~*~*~tactically~*~*~ (stealth).
 20781 | D:11     | 20781 ||| Stepping ~*~*~tactically~*~*~ (stealth).
 20782 | D:11     | 20782 ||| Stepping ~*~*~tactically~*~*~ (stealth).
 20792 | D:11     | 20792 ||| INVOKING Brothers in Arms.
 20793 | D:11     | 20793 ||| INVOKING Brothers in Arms.
 20795 | D:11     | 20795 ||| SWAPPING to +0 flail.
 20796 | D:11     | 20796 ||| INVOKING Berserk.
 20803 | D:11     | 20803 ||| SWAPPING to +5 war axe of electrocution.
 20811 | D:11     | 20811 ||| Stepping ~*~*~tactically~*~*~ (stealth).
 20812 | D:11     | 20812 ||| Stepping ~*~*~tactically~*~*~ (stealth).
 20813 | D:11     | 20813 ||| Stepping ~*~*~tactically~*~*~ (stealth).
 20814 | D:11     | 20814 ||| Stepping ~*~*~tactically~*~*~ (stealth).
 20829 | D:11     | Reached XP level 14. HP: 108/145 MP: 14/14
 20963 | D:11     | 20963 ||| Stepping ~*~*~tactically~*~*~ (stealth).
 20979 | D:11     | 20979 ||| Stepping ~*~*~tactically~*~*~ (stealth).
 21134 | D:11     | 21134 ||| Stepping ~*~*~tactically~*~*~ (stealth).
 21300 | D:11     | Gained mutation: You expend magic power (3 MP) to
                  | strengthen your wands. [hidden potential]
 21300 | D:11     | Lost mutation: You have hidden genetic potential. [hidden
                  | potential expressed]
 21367 | D:11     | 21367 ||| Stepping ~*~*~tactically~*~*~ (hiding).
 21372 | D:11     | Reached skill level 6 in Dodging
 21626 | D:11     | 21626 ||| PLANNING D
 21629 | D:12     | Found Plog's Assorted Antiques.
 21631 | D:12     | 21631 ||| BUYING agate ring (85 gold).
 21631 | D:12     | Bought an agate ring for 85 gold pieces
 21631 | D:12     | 21631 ||| BUYING glowing whip (93 gold).
 21631 | D:12     | Bought a glowing whip for 93 gold pieces
 21631 | D:12     | 21631 ||| BUYING potion of curing (51 gold).
 21631 | D:12     | Bought a potion of curing for 51 gold pieces
 21631 | D:12     | 21631 ||| BUYING potion of curing (51 gold).
 21631 | D:12     | Bought a potion of curing for 51 gold pieces
 21631 | D:12     | 21631 ||| BUYING potion of haste (170 gold).
 21631 | D:12     | Bought a potion of haste for 170 gold pieces
 21631 | D:12     | 21631 ||| DROPPING +1 whip of electrocution.
 21635 | D:12     | 21635 ||| Stepping ~*~*~tactically~*~*~ (stealth).
 21673 | D:12     | Found Keimn's Book Boutique.
 21676 | D:12     | Found Hoerchoer's Book Boutique.
 21732 | D:12     | 21732 ||| READING scroll of brand weapon.
 21732 | D:12     | 21732 ||| BRANDING +5 war axe of electrocution.
 21796 | D:12     | Noticed Psyche
 21799 | D:12     | Killed Psyche
 21824 | D:12     | Found a staircase to the Orcish Mines.
 21846 | D:12     | 21846 ||| DROPPING +0 flail.
 21886 | D:12     | 21886 ||| READING scroll of enchant weapon.
 21886 | D:12     | 21886 ||| ENCHANTING +5 war axe of chaos.
 21988 | D:12     | Found Isuzacy's Book Boutique.
 22128 | D:12     | Found Hureby's Assorted Antiques.
 22280 | D:12     | 22280 ||| READING 13 scrolls of identify.
 22280 | D:12     | 22280 ||| IDENTIFYING fizzy golden potion
 22313 | D:13     | 22313 ||| Stepping ~*~*~tactically~*~*~ (hiding).
 22321 | D:13     | Noticed Jorgrun
 22322 | D:13     | 22322 ||| Stepping ~*~*~tactically~*~*~ (stealth).
 22338 | D:13     | 22338 ||| Stepping ~*~*~tactically~*~*~ (hiding).
 22340 | D:13     | Noticed Josephine
 22347 | D:13     | Killed Josephine
 22348 | D:13     | Reached skill level 15 in Fighting
 22350 | D:13     | 22350 ||| INVOKING Brothers in Arms.
 22355 | D:13     | 22355 ||| INVOKING Berserk.
 22361 | D:13     | Killed Jorgrun
 22597 | D:13     | 22597 ||| Stepping ~*~*~tactically~*~*~ (stealth).
 22600 | D:13     | 22600 ||| INVOKING Berserk.
 22622 | D:13     | HP: 33/148 [skeletal warrior/+0 war axe (35)]
 22623 | D:13     | 22623 ||| READING 2 scrolls of teleportation.
 22624 | D:13     | 22624 ||| DRINKING 4 potions of heal wounds.
 22625 | D:13     | 22625 ||| DRINKING 3 potions of heal wounds.
 22921 | D:13     | 22921 ||| DROPPING +2 flail of protection.
 23052 | D:13     | 23052 ||| Stepping ~*~*~tactically~*~*~ (hiding).
 23107 | D:13     | 23107 ||| INVOKING Berserk.
 23499 | D:13     | Noticed Erolcha
 23500 | D:13     | 23500 ||| INVOKING Trog's Hand.
 23503 | D:13     | 23503 ||| INVOKING Berserk.
 23507 | D:13     | Killed Erolcha
 23697 | D:13     | 23697 ||| UPGRADING to +2 chain mail of fire resistance.
 23756 | D:14     | 23756 ||| INVOKING Berserk.
 23779 | D:14     | Reached skill level 15 in Shields
 23797 | D:14     | HP: 29/148 [mirror damage (12)]
 23798 | D:14     | 23798 ||| READING scroll of teleportation.
 23798 | D:14     | HP: 13/148 [wraith[a death knight] (10)]
 23799 | D:14     | 23799 ||| DRINKING 3 potions of heal wounds.
 23801 | D:14     | 23801 ||| DRINKING 2 potions of heal wounds.
 23803 | D:14     | 23803 ||| Stepping ~*~*~tactically~*~*~ (hiding).
 23804 | D:14     | 23804 ||| Stepping ~*~*~tactically~*~*~ (hiding).
 23805 | D:14     | 23805 ||| Stepping ~*~*~tactically~*~*~ (hiding).
 23813 | D:14     | HP: 37/148 [freezing wraith[a death knight] (8)]
 23814 | D:14     | 23814 ||| DRINKING potion of heal wounds.
 23815 | D:14     | HP: 18/148 [death knight/+1 glaive of pain (7)]
 23815 | D:14     | HP: 8/148 [death knight/+1 glaive of pain (10)]
 23815 | D:14     | HP: 1/148 [death knight/+1 glaive of pain (7)]
 23816 | D:14     | Mangled by a death knight

Levels and vault maps discovered:
D:1:      erik_arrival_cave_to_civilisation [erik_arrival_cave_to_hall],
          layout_loops_ring, serial_shops, nicolae_shop_stone, shop, shop, shop
D:2:      layout_rooms
D:3:      corexii_shack_village, layout_rooms, trog_wizard, serial_park_tiny_2
D:4:      minmay_octagon_keep, layout_basic
D:5:      minmay_skewed_foursquare, layout_basic
D:6:      layout_loops_ring, temple_pool_b, gammafunk_ghost_gnarly_gnolls,
          eino_tiny_chamber, uniq_edmund
D:7:      minmay_recursive_quarters, layout_basic,
          nicolae_ru_sacrificial_ziggurat, uniq_crazy_yiuf_cottage
D:8:      layout_loops_ring, uniq_grum
D:9:      layout_basic, due_lair_maze_entry_diamond, serial_shops, shop
D:10:     layout_irregular_city, kennysheep_mini_moat, gammafunk_ghost_ooze,
          nicolae_zen_rock_garden, grunt_decor_clamped, grunt_decor_junction,
          nicolae_benzene_ring, uniq_fannar
D:11:     layout_cave_pools, serial_ice, serial_ice_i, serial_ice_n,
          serial_ice_o, serial_ice_g
D:12:     layout_big_octagon, orc_0_dummy, serial_shops,
          nicolae_shop_statue_plus, nicolae_shop_crystal, shop, shop,
          nicolae_lakefront_shop, uniq_psyche
D:13:     layout_long_grid, uniq_jorgrun, uniq_josephine, uniq_erolcha
D:14:     layout_cave_pools, david_vaults_2, nemelex_spade_bored_becter
Lair:1:   layout_long_grid, serial_bayou_pond_b, chequers_serial_rivers_room_b,
          serial_bayou_crossing, serial_bayou_shore_a,
          infiniplex_staircase_pool_2
Lair:2:   layout_regular_city, shoals_dummy_entry,
          hellmonk_spider_entry_not_the_bees, grunt_megastairs_3,
          serial_bayou_shore_b
Lair:3:   layout_loops_ring
Lair:4:   layout_long_grid, slime_entry_1, dpeg_oklob_1
Lair:5:   cheibrodos_lair_end_hotspot, layout_concentric_octagons, minivault_23,
          chequers_serial_rivers_micro_c

Skill      XL: |  1  2  3  4  5  6  7  8  9 10 11 12 13 14 |
---------------+-------------------------------------------+-----
Axes           | 4 5 7 9 10 12 13 15 16 | 16.1
Armour         | 4 6 7 8 10 11 13 14 | 14.0
Fighting       | 4 6 8 9 10 12 14 15 | 15.4
Dodging        | 3 5 7 |  7.4
Throwing       | 3 4 6 |  6.0
Shields        | 2 5 7 12 13 15 | 15.1

Action                   |  1- 3 |  4- 6 |  7- 9 | 10-12 | 13-15 || total
-------------------------+-------+-------+-------+-------+-------++-------
Melee: Hand axe          |    95 |    41 |       |       |       ||   136
       Headbutt          |    12 |    17 |    47 |    78 |    89 ||   243
       War axe           |       |    66 |   199 |   370 |   469 ||  1104
       Punch             |       |       |     1 |       |       ||     1
       Flail             |       |       |       |    40 |     2 ||    42
Throw: Boomerang         |       |     4 |       |       |    66 ||    70
       Javelin           |       |       |    13 |    75 |    36 ||   124
Invok: Berserk           |       |     4 |    15 |    25 |    13 ||    57
       Brothers in Arms  |       |       |       |     2 |     2 ||     4
       Trog's Hand       |       |       |       |       |     1 ||     1
  Use: Scroll            |     9 |     3 |    10 |    12 |     6 ||    40
       Potion            |     1 |       |     4 |     3 |     5 ||    13
Armor: Animal skin       |     4 |       |       |       |       ||     4
       Plate armour      |    10 |    50 |    96 |   178 |   165 ||   499
       Chain mail        |       |       |       |       |    44 ||    44
Dodge: Dodged            |    42 |    32 |    58 |   125 |   135 ||   392
Block: Buckler           |       |       |     4 |    53 |       ||    57
       Kite shield       |       |       |       |    44 |   252 ||   296

Table legend:
 A = Non-vault XP
 B = Vault XP
 C = Vault XP percentage of total XP
 D = Non-vault monster count
 E = Vault monster count
 F = Vault count percentage of total count
                 A         B        C        D         E       F
            +---------+---------+-------+---------+---------+-------
      Total |   68417 |   24878 |  26.7 |     374 |     124 |  24.9
            +---------+---------+-------+---------+---------+-------
        D:1 |      38 |       4 |   9.5 |      21 |       2 |   8.7
        D:2 |      16 |       0 |   0.0 |       8 |       0 |   0.0
        D:3 |      75 |      26 |  25.7 |      18 |      12 |  40.0
        D:4 |     460 |     217 |  32.1 |      17 |      12 |  41.4
        D:5 |     621 |     223 |  26.4 |      12 |       5 |  29.4
        D:6 |    1508 |     176 |  10.5 |      22 |       1 |   4.3
        D:7 |     894 |     927 |  50.9 |      17 |      11 |  39.3
        D:8 |    2399 |     651 |  21.3 |      31 |       5 |  13.9
        D:9 |    1956 |    1582 |  44.7 |      23 |      11 |  32.4
       D:10 |    2206 |     868 |  28.2 |      36 |       1 |   2.7
       D:11 |    4500 |    2371 |  34.5 |      13 |      15 |  53.6
       D:12 |    4458 |     371 |   7.7 |      15 |       1 |   6.2
       D:13 |    8368 |    4714 |  36.0 |      22 |       8 |  26.7
       D:14 |    5565 |    2233 |  28.6 |      15 |       3 |  16.7
     Lair:1 |    4744 |     692 |  12.7 |      16 |       3 |  15.8
     Lair:2 |    3227 |     595 |  15.6 |      17 |       6 |  26.1
     Lair:3 |    2892 |       0 |   0.0 |      14 |       0 |   0.0
     Lair:4 |    7228 |    2809 |  28.0 |      15 |       5 |  25.0
     Lair:5 |   17262 |    6419 |  27.1 |      42 |      23 |  35.4
            +---------+---------+-------+---------+---------+-------
